 Dungeon Crawl Stone Soup version 0.30-a0-634-g8abc85282e (webtiles) character file.

Game seed: 16483455741371569286

978 Dartaoz the Zephyrmancer (level 8, -5/41 HPs)
             Began as a Tengu Air Elementalist on Jan 13, 2023.
             Was an Initiate of Vehumet.
             Slain by an orc warrior
             ... wielding a +0 battleaxe
              (21 damage)
             ... on level 5 of the Dungeon on Jan 14, 2023.
             The game lasted 00:15:28 (7014 turns).

Dartaoz the Zephyrmancer (Tengu Air Elementalist)   Turns: 7014, Time: 00:15:29

Health: -5/41      AC:  3    Str:  9    XL:     8   Next: 17%
Magic:  2/14       EV: 14    Int: 18    God:    Vehumet [......]
Gold:   305        SH:  0    Dex: 14    Spells: 4/14 levels left

rFire   + . .      SeeInvis .    k - +2 dagger (venom)
rCold   . . .      Faith    .    (no shield)
rNeg    . . .      Spirit   .    a - +0 robe
rPois   .          Reflect  .    (helmet restricted)
rElec   .          Harm     .    r - +0 cloak
rCorr   .          Rampage  .    (no gloves)
Will    .....                    (boots unavailable)
Stlth   ++                       (no amulet)
HPRegen 0.26/turn                w - ring of protection from fire
MPRegen 0.14/turn                (no ring)

@: flying quickly and evasively, quick
A: beak, talons 3, nimble flight
a: Renounce Religion


You were on level 5 of the Dungeon.
You worshipped Vehumet.
Vehumet was noncommittal.
You visited 2 branches of the dungeon, and saw 7 of its levels.
You also visited: Sewer.

You collected 305 gold pieces.

Inventory:

Hand Weapons
 e - a +0 spear
 j - a +1 dagger of electrocution
 k - a +2 dagger of venom (weapon)
Missiles
 y - a throwing net
Armour
 a - a +0 robe (worn)
 r - a +0 cloak (worn)
Jewellery
 w - a ring of protection from fire (left hand)
Scrolls
 c - a scroll of vulnerability {unknown}
 f - 2 scrolls of enchant weapon {unknown}
 g - a scroll of blinking {unknown}
 l - 2 scrolls of identify {unknown}
 m - 2 scrolls of magic mapping {unknown}
 n - a scroll of enchant armour {unknown}
 p - a scroll of teleportation {unknown}
 q - a scroll of silence {unknown}
 s - a scroll of fear {unknown}
 u - 2 scrolls of fog {unknown}
 x - a scroll of amnesia {unknown}
Potions
 b - 3 potions of magic
 d - a potion of haste {unknown}
 h - 6 potions of heal wounds
 i - a potion of attraction {unknown}
 o - 2 potions of brilliance {unknown}
 t - a potion of curing {unknown}
 v - a potion of invisibility {unknown}
 z - a potion of cancellation {unknown}


   Skills:
 - Level 2.1 Dodging
 - Level 2.0 Stealth
 + Level 3.9 Spellcasting
 + Level 7.7 Conjurations
 + Level 8.7 Air Magic


You had 4 spell levels left.
You knew the following spells:

 Your Spells              Type           Power      Damage    Failure   Level
a - Shock                 Conj/Air       100%       1d9       1%          1
b - Static Discharge      Conj/Air       66%        2-5/arc   1%          2
c - Swiftness             Air            35%        N/A       1%          3
d - Airstrike             Air            17%        2d(3-19)  4%          4

Your spell library contained the following spells:

 Spells                   Type           Power      Damage    Failure   Level
 Ensorcelled Hibernation  Hex/Ice        6%         N/A       22%         2
 Passwall                 Tmut/Erth      2%         N/A       22%         2
 Inner Flame              Hex/Fire       3%         N/A       41%         3
 Cause Fear               Hex            1%         N/A       83%         4
 Discord                  Hex            1%         N/A       100%        8


Dungeon Overview and Level Annotations

Branches:
Dungeon (6/15)             Temple (1/1) D:5           Sewer (visited)

Altars:
Ashenzari
Cheibriados
Dithmenos
Elyvilon
Fedhas
Gozag
Hepliaklqana
Makhleb
Nemelex Xobeh
Okawaru
Qazlal
Ru
Sif Muna
Trog
Uskayaw
Vehumet
Wu Jian
Xom
Zin
The Shining One

Shops:
D:5 (

Annotations:
D:3 2 transporters, deyja's ghost, novice DjMo


Innate Abilities, Weirdness & Mutations

You have a beak for a mouth.
You have claws for feet.
Your magical nature lets you fly swiftly and evasively.


Message History

The zap hits the orc warrior.
The orc warrior is lightly wounded.
You hear a shout!
An orc wizard comes into view. It is wielding a +0 dagger.
The orc warrior barely misses you.
Casting: Shock (safe; 1% risk of failure)
Confirm with . or Enter, or press ? or * to list all spells.
Aiming: Airstrike (dangerous; 4% risk of failure)
Press: ? - help, Dir - move target, f - centaur, p - orc warrior
Aim: a centaur (empty space bonus: 8/8)
You miscast Airstrike.
You are very lightly contaminated with residual magic.
Nothing appears to happen.
A gnoll comes into view. It is wielding a +0 sling.
An orc warrior comes into view. It is wielding a +0 long sword.
The orc warrior barely misses you.
The centaur wields a +0 shortbow.
The centaur shoots an arrow.
The arrow barely misses you.
The centaur shoots an arrow.
The arrow misses you.
The centaur shoots an arrow.
The arrow hits you!
Your magical contamination has completely faded away.
There is a stone staircase leading up, spattered with blood here.
The orc warrior hits you with a +0 battleaxe.
You fly upwards.
There is a stone staircase leading down, spattered with blood here.
Casting: Airstrike (dangerous; 4% risk of failure)
Confirm with . or Enter, or press ? or * to list all spells.
The orc warrior is struck by an arc of lightning.
The orc warrior is lightly wounded.
You are struck by an arc of lightning.
The orc warrior is struck by an arc of lightning.
The orc warrior is moderately wounded.
The lightning grounds out.
The orc warrior barely misses you.
Casting: Static Discharge (safe; 1% risk of failure)
Confirm with . or Enter, or press ? or * to list all spells.
The orc warrior is struck by an arc of lightning.
The orc warrior is heavily wounded.
You are struck by an arc of lightning.
The lightning grounds out.
The orc warrior hits you with a +0 battleaxe!!
Ouch! That really hurt!
You die...

.####################
....................#
##################..#
........# #...##
........# #.###
........# #.#
#.......# #.#
#.......# #o#
#.......# #@#
.#......# #.#
.#...#### ##.#
.#.#..# ####..#
..###.# #....## ..#
#.# #.####
..###.#############
.#.##....##.......#
.#........#.......###


You could see an orc warrior.

Vanquished Creatures
  Menkaure (D:4)
  An ogre (D:4)
  2 kobold brigands (Sewer)
  A bullfrog (D:5)
  A gnoll sergeant (D:5)
  A howler monkey (D:3)
  A jelly (D:5)
  4 iguanas
  An orc wizard (D:6)
  12 gnolls
  3 adders
  2 river rats (Sewer)
  A shadow imp (D:5)
  5 worms
  2 dart slugs
  7 orcs
  6 bats
  6 endoplasms
  A giant cockroach (D:2)
  15 goblins
  8 hobgoblins
  5 jackals
  4 quokkas
  9 ball pythons
  6 frilled lizards
  9 kobolds
  7 rats
121 creatures vanquished.

Vanquished Creatures (others)
  6 plants (D:3)
  3 withered plants (D:1)
9 creatures vanquished.

Grand Total: 130 creatures vanquished

Notes
Turn   | Place    | Note
-------+----------+-------------------------------------------
     0 | D:1      | Dartaoz the Tengu Air Elementalist began the quest for the
                  | Orb.
     0 | D:1      | Reached XP level 1. HP: 10/10 MP: 4/4
     0 | D:1      | Upgraded the game from 0.30-a0-630-g881e3bac89 to
                  | 0.30-a0-634-g8abc85282e
   282 | D:1      | Reached XP level 2. HP: 15/15 MP: 4/6
   679 | D:1      | Found a faded altar of an unknown god.
   824 | D:1      | Reached XP level 3. HP: 15/19 MP: 2/7
  1511 | D:2      | Reached skill level 5 in Air Magic
  1593 | D:2      | Learned a level 2 spell: Static Discharge
  1597 | D:2      | Learned a level 3 spell: Swiftness
  2098 | D:2      | Reached XP level 4. HP: 24/24 MP: 6/8
  2994 | D:3      | Found an ornate altar of the Wu Jian Council.
  2994 | D:3      | Found a hazy altar of Hepliaklqana.
  2999 | D:3      | Found a glowing silver altar of Zin.
  3000 | D:3      | Found a glowing golden altar of the Shining One.
  3002 | D:3      | Found a broken altar of Ashenzari.
  3003 | D:3      | Found a sacrificial altar of Ru.
  3005 | D:3      | Found a sparkling altar of Nemelex Xobeh.
  3009 | D:3      | Found a snail-covered altar of Cheibriados.
  3038 | D:3      | Found a burning altar of Makhleb.
  3039 | D:3      | Found a blossoming altar of Fedhas.
  3322 | D:3      | Found a transporter.
  3322 | D:3      | Found a transporter.
  3327 | D:3      | Noticed deyja's ghost (novice DjMo)
  3367 | D:3      | Reached skill level 6 in Air Magic
  3367 | D:3      | Gained mutation: Your magical nature lets you fly swiftly
                  | and evasively. [Tengu growth]
  3367 | D:3      | Reached XP level 5. HP: 28/28 MP: 0/9
  3697 | D:3      | Identified the +4 spear "Jiwooch" {venom, rElec}
  3989 | D:4      | Reached skill level 5 in Conjurations
  4291 | D:4      | Noticed an ogre
  4314 | D:4      | Killed an ogre
  4315 | D:4      | Reached skill level 7 in Air Magic
  4315 | D:4      | Reached XP level 6. HP: 32/32 MP: 3/10
  4637 | D:4      | Noticed Menkaure
  4642 | D:4      | Killed Menkaure
  4643 | D:4      | Reached XP level 7. HP: 20/36 MP: 5/11
  4648 | D:4      | Learned a level 4 spell: Airstrike
  4811 | D:5      | Entered Level 5 of the Dungeon
  5114 | D:5      | Found a glowing drain.
  5127 | Sewer    | Entered a sewer
  5269 | Sewer    | Reached skill level 8 in Air Magic
  5381 | Sewer    | Found a glowing silver altar of Zin.
  5746 | D:5      | Found a staircase to the Ecumenical Temple.
  5753 | Temple   | Entered the Ecumenical Temple
  5955 | Temple   | Became a worshipper of Vehumet
  5999 | D:5      | Found Koivor's Antique Weapon Emporium.
  6305 | D:5      | Reached XP level 8. HP: 35/41 MP: 6/14
  6409 | D:5      | Found a staircase to the Ecumenical Temple.
  6473 | D:5      | Found Koivor's Antique Weapon Emporium.
  6807 | D:5      | HP: 1/41 [bullfrog (7)]
  7014 | D:5      | Slain by an orc warrior

Illustrated notes

Levels and vault maps discovered:
D:1:      onia_arrival_pentagram, layout_loops_corners,
          shapermc_ecumenical_altar_flowoftime, minmay_statues_item
D:2:      kennysheep_the_goblin_king, layout_loops_corners
D:3:      layout_loops_corners, nicolae_overflow_hallway_of_the_gods,
          jmf_multi_god_temple, gammafunk_ghost_gnarly_gnolls,
          kennysheep_generic_room_4
D:4:      layout_cave_pools, st_stairs_7, uniq_menkaure
D:5:      nicolae_BIG_FREAKIN_CUBE, layout_rooms, temple_green,
          cheibrodos_sewer_entry_bend, serial_shops, shop_fountains
D:6:      layout_gridville, serial_shops, shop, uniq_eustachio
Temple:   dpeg_chambers_temple

Skill      XL: |  1  2  3  4  5  6  7 |
---------------+----------------------+-----
Conjurations   | 2 3 4 5 6 7 |  7.7
Air Magic      | 5 6 7 8 |  8.7
Spellcasting   | 3 |  3.9
Dodging        | |  2.1
Stealth        | |  2.0

Action                   |  1- 3 |  4- 6 |  7- 9 || total
-------------------------+-------+-------+-------++-------
Melee: Unarmed           |     6 |       |       ||     6
       Kick              |     2 |       |     1 ||     3
       Spear             |     1 |       |       ||     1
       Dagger            |       |       |     3 ||     3
       Peck              |       |       |     1 ||     1
 Cast: Shock             |    78 |    99 |    96 ||   273
       Static Discharge  |       |     2 |     6 ||     8
       Airstrike         |       |       |     2 ||     2
  Use: Potion            |       |       |     1 ||     1
Armor: Robe              |     4 |       |     1 ||     5
Dodge: Dodged            |    13 |     4 |    35 ||    52

Table legend: (Time is in decaauts)
 A = Elapsed time spent in this place.
 B = Non-inter-level travel time spent in this place.
 C = Inter-level travel time spent in this place.
 D = Time resting spent in this place.
 E = Time spent auto-exploring this place.
 F = Levels seen in this place.
 G = Mean time per level.
                   A        B        C        D        E       F      G
               +--------+--------+--------+--------+--------+-----+--------+
         Total |   6807 |   6665 |    142 |    158 |   5773 |   8 |  850.9 |
       Dungeon |   6327 |   6203 |    124 |    158 |   5381 |   6 | 1054.5 |
        Temple |    201 |    183 |     18 |      0 |    163 |   1 |  201.0 |
         Sewer |    278 |    278 |      0 |      0 |    227 |   1 |  278.0 |
               +--------+--------+--------+--------+--------+-----+--------+

Top non-repeatable levels by time:
     D:5: 1398 daAuts
     D:2: 1359 daAuts
     D:1: 1326 daAuts
     D:3: 1254 daAuts
     D:4: 864 daAuts
   Sewer: 278 daAuts
  Temple: 201 daAuts
     D:6: 124 daAuts
